AoeStats
← Schantiiniiii

African Clearing

504297009Analyzed
4v4 RM · 26d ago on Sep 4, 2026· 36m 13s· 8 players
Game mode
Random Map
Map size
Large (8 player)
Population
200
Speed
Normal
Resources
Standard
Victory
Conquest
Starting age
Dark Age
Ending age
Imperial Age
RankedLock teamsTeams togetherTeam positionsShared explorationLock speedFull tech treeHidden civsTurbo modeCheats
Victory
Defeat
🇩🇪 Khmer · Germany
1681
+12
🇨🇭 Wu · Switzerland
1629
+15
🇫🇷 Berbers · France
1534
+19
🇩🇪 Huns · Germany
1358
+26
🇩🇪 Inca · Germany
1626
-19
🇷🇸 Sicilians · Serbia
1617
-19
🇪🇨 Saracens · Ecuador
1600
-18
🇧🇷 Koreans · Brazil
1553
-16
Eärnur
12:39 Feudal Age
16:42 Castle Age
15:01 Double-Bit Axe
15:59 Loom
18:02 Bow Saw
18:04 Fletching
18:23 Scale Barding Armor
24:24 Forging
26:39 Horse Collar
29:21 Wheelbarrow
32:30 Iron Casting
38:32 Imperial Age
36:32 Gold Mining
[UDeaD]EL ROJO
10:16 Loom
12:37 Feudal Age
16:41 Castle Age
16:19 Double-Bit Axe
17:56 Bow Saw
17:51 Scale Mail Armor
18:14 Forging
17:45 Champi Runner
19:43 Forging
19:01 Champi Warrior
25:23 Horse Collar
30:52 Town Watch
33:20 Wheelbarrow
35:04 Gold Mining
fs. seggaty skins
4:30 Loom
12:30 Loom
14:41 Feudal Age
13:14 Loom
18:46 Castle Age
16:58 Double-Bit Axe
17:40 Fletching
18:18 Gold Mining
18:52 Town Watch
18:53 Horse Collar
22:24 Bodkin Arrow
23:31 Husbandry
27:47 Bow Saw
27:44 Heavy Plow
30:42 Ballistics
36:56 Wheelbarrow
wajih9
6:28 Loom
14:30 Feudal Age
17:34 Wheelbarrow
24:11 Castle Age
23:18 Bloodlines
23:15 Scale Barding Armor
23:35 Forging
23:18 Double-Bit Axe
23:21 Horse Collar
25:16 Husbandry
26:06 Gold Mining
32:03 Pikeman
twitch.tv/gliedi69
8:19 Loom
12:23 Feudal Age
15:52 Castle Age
14:35 Double-Bit Axe
15:58 Horse Collar
21:49 Wheelbarrow
21:29 Fletching
22:58 Bow Saw
23:42 Husbandry
25:48 Bloodlines
25:58 Stone Mining
25:59 Gold Mining
26:46 Bodkin Arrow
27:56 Hand Cart
27:50 Town Watch
28:58 Scale Barding Armor
29:03 Forging
30:03 Chain Barding Armor
30:00 Heavy Plow
33:59 Imperial Age
32:29 Iron Casting
31:55 Padded Archer Armor
34:42 Bracer
35:12 Ballistics
35:42 Leather Archer Armor
36:29 Chemistry
36:56 Ring Archer Armor
Schantiiniiii
8:11 Loom
13:14 Feudal Age
17:30 Castle Age
15:54 Double-Bit Axe
18:28 Fletching
18:57 Bow Saw
19:11 Bodkin Arrow
19:11 Town Watch
22:19 Bow Saw
24:38 Red Cliffs Tactics
27:52 Ballistics
35:58 Gold Mining
GlorysDarkSide
8:57 Loom
12:11 Feudal Age
13:19 Double-Bit Axe
14:24 Forging
16:49 Scale Barding Armor
22:16 Castle Age
21:00 Horse Collar
22:42 Bloodlines
23:23 Chain Barding Armor
23:06 Husbandry
28:40 Iron Casting
30:01 Heavy Plow
{ BP } Käpt`n Iglo
11:31 Loom
14:22 Feudal Age
17:28 Castle Age
15:53 Double-Bit Axe
15:51 Fishing Lines
19:18 Bow Saw
23:28 Town Watch
33:57 Wheelbarrow
33:49 Horse Collar
36:39 Heavy Plow
Connection lost

Rejoining the realm…

Still unreachable

The connection could not be restored.

Session expired

The server has moved on; the page needs a fresh start.